AoeStats
← Мордочка в кефире

MegaRandom

509437371Analyzed
4v4 RM · 6d ago on Sep 26, 2026· 37m 7s· 8 players
Game mode
Random Map
Map size
Large (8 player)
Population
200
Speed
Normal
Resources
Standard
Victory
Conquest
Starting age
Dark Age
Ending age
Imperial Age
RankedLock teamsTeams togetherTeam positionsShared explorationLock speedFull tech treeHidden civsTurbo modeCheats
Victory
Defeat
🇩🇪 Sicilians · Germany
1227
+13
🇷🇺 Teutons · Russia
1209
+14
🇩🇪 Ethiopians · Germany
1164
+16
🇷🇺 Varangians · Russia
1131
+17
1242
-18
🇦🇷 Franks · Argentina
1192
-16
🇨🇦 Goths · Canada
1136
-14
🇷🇺 Danes · Russia
1085
-12
Mo...
6:44 Loom
9:13 Feudal Age
12:23 Fletching
18:05 Double-Bit Axe
26:38 Castle Age
25:49 Padded Archer Armor
26:14 Gold Mining
26:39 Crossbowman
27:51 Bodkin Arrow
28:33 Ballistics
29:13 Bow Saw
31:02 Thumb Ring
33:08 Wheelbarrow
33:15 Leather Archer Armor
36:32 Horse Collar
Panzarx
7:29 Loom
10:11 Feudal Age
10:44 Double-Bit Axe
10:40 Horse Collar
12:39 Scale Mail Armor
16:32 Forging
17:54 Fletching
20:53 Wheelbarrow
27:43 Castle Age
25:40 Gold Mining
28:06 Stone Mining
28:29 Arson
29:03 Chain Mail Armor
28:59 Squires
29:16 Bow Saw
30:47 Iron Casting
31:27 Bodkin Arrow
32:14 Ballistics
31:50 Murder Holes
35:53 Hand Cart
rusnexto
10:39 Loom
12:25 Feudal Age
13:36 Horse Collar
13:44 Double-Bit Axe
18:52 Castle Age
26:00 Scale Mail Armor
33:14 Chain Mail Armor
33:10 Forging
37:39 Iron Casting
sybertuk
8:44 Loom
11:48 Feudal Age
14:02 Double-Bit Axe
14:00 Horse Collar
18:37 Castle Age
17:59 Bloodlines
19:21 Scale Barding Armor
20:15 Town Watch
25:18 Gambesons
25:34 Squires
25:20 Arson
28:24 Chain Barding Armor
28:44 Heavy Plow
28:35 Man-at-Arms
30:06 Wheelbarrow
32:25 Long Swordsman
33:06 Scale Mail Armor
33:23 Forging
34:58 Forging
38:00 Imperial Age
35:54 Scale Mail Armor
[FeI] Red Army
5:22 Loom
11:20 Feudal Age
14:26 Fletching
15:41 Padded Archer Armor
19:32 Double-Bit Axe
27:13 Castle Age
27:17 Elite Skirmisher
29:49 Bodkin Arrow
30:09 Leather Archer Armor
Nwelt
9:06 Loom
12:40 Feudal Age
13:05 Double-Bit Axe
13:01 Horse Collar
18:54 Castle Age
18:24 Fletching
Мордочка в кефире
7:24 Loom
9:22 Feudal Age
16:40 Castle Age
15:39 Double-Bit Axe
18:08 Scale Barding Armor
21:36 Bloodlines
23:22 Chain Barding Armor
23:11 Gold Mining
24:29 Horse Collar
28:38 Bow Saw
35:11 Forging
34:51 Fletching
Broken Viking
13:06 Feudal Age
14:20 Horse Collar
17:19 Castle Age
16:46 Forging
16:36 Scale Mail Armor
16:39 Double-Bit Axe
17:19 Man-at-Arms
18:41 Iron Casting
19:12 Long Swordsman
21:18 Chain Mail Armor
22:20 Pikeman
26:10 Fletching
27:11 Loom
27:12 Town Watch
Connection lost

Rejoining the realm…

Still unreachable

The connection could not be restored.

Session expired

The server has moved on; the page needs a fresh start.